 Dungeon Crawl Stone Soup version 0.29.1-15-g9cfb28693d (webtiles) character file.

Game seed: 14193864358848863438

115 protoss039 the Digger (level 4, -1/34 HPs)
             Began as a Demonspawn Earth Elementalist on Mar 3, 2023.
             Killed by nerve-wracking pain
             ... invoked by a shadow imp
             ... summoned by Natasha
              (2 damage)
             ... on level 2 of the Dungeon.
             The game lasted 00:02:11 (2058 turns).

protoss039 the Digger (DsEE)                        Turns: 2058, Time: 00:02:12

Health: -1/34      AC:  6    Str:  8    XL:     4   Next: 68%
Magic:  7/8        EV: 10    Int: 18    God:
Gold:   81         SH:  0    Dex: 14    Spells: 8/9 levels left

rFire   . . .      SeeInvis .   n - +0 hand axe
rCold   . . .      Faith    .   (no shield)
rNeg    . . .      Spirit   .   m - +0 ring mail
rPois   .          Reflect  .   (no helmet)
rElec   .          Harm     .   (no cloak)
rCorr   .          Rampage  .   a - +0 pair of gloves
Will    .....                   (no boots)
Stlth   +.........              l - amulet of magic regeneration
HPRegen 0.11/turn               (no ring)
MPRegen 0.51/turn               (no ring)

@: no status effects
A: demonic touch 2
a: no special abilities


You were on level 2 of the Dungeon.
You visited 1 branch of the dungeon, and saw 2 of its levels.

You collected 81 gold pieces.

Inventory:

Hand Weapons
 g - a +0 dagger
 n - a +0 hand axe (weapon)
Armour
 a - a +0 pair of gloves (worn)
 m - a +0 ring mail (worn)
Jewellery
 l - an amulet of magic regeneration (around neck)
Scrolls
 b - a scroll of vulnerability
 e - 3 scrolls of magic mapping
 h - a scroll of identify
 i - a scroll of immolation {unknown}
Potions
 c - a potion of lignification {unknown}
 d - a potion of curing {unknown}
 f - a potion of flight {unknown}
 j - a potion of invisibility {unknown}
 k - 2 potions of haste {unknown}
 o - a potion of magic


   Skills:
 + Level 2.3 Fighting
 - Level 1.7 Dodging
 - Level 1.7 Stealth
 + Level 3.1 Spellcasting
 - Level 0.8 Transmutations
 + Level 3.6 Earth Magic


You had 8 spell levels left.
You knew the following spells:

 Your Spells              Type           Power      Damage    Failure   Level
a - Sandblast             Erth           30%        2d9       12%         1

Your spell library contained the following spells:

 Spells                   Type           Power      Damage    Failure   Level
 Passwall                 Tmut/Erth      8%         N/A       30%         2
 Ensorcelled Hibernation  Hex/Ice        4%         N/A       58%         2
 Poisonous Vapours        Pois/Air       4%         N/A       58%         2
 Stone Arrow              Conj/Erth      18%        3d8       58%         3
 Spider Form              Tmut/Pois      4%         N/A       77%         3
 Petrify                  Tmut/Erth      10%        N/A       89%         4
 Anguish                  Hex/Necr       1%         N/A       99%         4
 Corpse Rot               Necr/Pois/Air  2%         N/A       99%         4


Dungeon Overview and Level Annotations

Branches:
Dungeon (2/15) Zot: 9916

Altars:

Annotations:
D:2 Natasha


Innate Abilities, Weirdness & Mutations

Your touch may inflict irresistible damage on your foes.


Message History

The endoplasm hits you but does no damage.
The shadow imp closely misses you.
Unknown command.
You closely miss the kobold. You hit the endoplasm. You hit the shadow imp.
You hit the endoplasm.
You kill the endoplasm!
The kobold hits you with a +0 club. The endoplasm completely misses you.
The shadow imp hits you but does no damage.
Natasha claws you!
* * * LOW HITPOINT WARNING * * *
Unknown command.
Okay, then.
Casting: Sandblast (safe; 12% risk of failure)
Confirm with . or Enter, or press ? or * to list all spells.
Aiming: Sandblast (safe; 12% risk of failure)
Press: ? - help, Shift-Dir - straight line, f - Natasha
Aim: Natasha (77% to hit)
The blast of sand misses Natasha.
The endoplasm freezes you.
You are frozen.
* * * LOW HITPOINT WARNING * * *
The kobold hits you but does no damage.
The shadow imp hits you but does no damage.
Natasha stares at you and mumbles some strange words.
You resist with some effort. The endoplasm closely misses you.
The kobold hits you but does no damage. The shadow imp barely misses you.
Casting: Sandblast (safe; 12% risk of failure)
Confirm with . or Enter, or press ? or * to list all spells.
Aiming: Sandblast (safe; 12% risk of failure)
Press: ? - help, Shift-Dir - straight line, f/p - Natasha
Aim: Natasha (77% to hit)
The blast of sand misses Natasha.
Natasha hisses.
Natasha casts a spell at you. The magic dart hits you.
* * * LOW HITPOINT WARNING * * *
The kobold hits you but does no damage. The endoplasm misses you.
The shadow imp gestures at you. Pain shoots through your body!
You die...

...!.....
........###
..........#
..........### .
.....$......## #.
.....5...<. #.hKJ.#
####.@5# #
##.#...##
##.#.....##
##......###
#....)....#
##......#.#########
#....####...#.....#
....# ###.#.....#
#..# #.#.....#


You could see Natasha, 2 shadow imps, an endoplasm and a kobold.

Vanquished Creatures
  Natasha (twice) (D:2)
  A gnoll (D:1)
  An adder (D:2)
  2 dart slugs (D:2)
  5 ball pythons
  4 bats (D:1)
  2 endoplasms
  2 giant cockroaches
  4 goblins
  6 hobgoblins
  3 jackals (D:1)
  3 frilled lizards
  3 kobolds (D:1)
  2 rats (D:1)
40 creatures vanquished.

Notes
Turn   | Place    | Note
-------+----------+-------------------------------------------
     0 | D:1      | protoss039 the Demonspawn Earth Elementalist began the
                  | quest for the Orb.
     0 | D:1      | Reached XP level 1. HP: 13/13 MP: 3/3
   134 | D:1      | Gained mutation: Your touch may inflict minor irresistible
                  | damage on your foes. [demonic ancestry]
   134 | D:1      | Reached XP level 2. HP: 11/20 MP: 3/5
   320 | D:1      | Reached skill level 1 in Fighting
   853 | D:1      | Gained mutation: Your touch may inflict irresistible damage
                  | on your foes. [demonic ancestry]
   853 | D:1      | Reached XP level 3. HP: 26/26 MP: 3/6
  1974 | D:2      | Noticed Natasha
  1979 | D:2      | Killed Natasha
  1980 | D:2      | Reached XP level 4. HP: 33/33 MP: 6/8
  1982 | D:2      | Noticed Natasha
  1987 | D:2      | Killed Natasha
  2049 | D:2      | Noticed Natasha
  2058 | D:2      | HP: 1/34 [Natasha/magic dart (5)]
  2058 | D:2      | Killed from afar by a shadow imp

Illustrated notes

Levels and vault maps discovered:
D:1:      dpeg_arrival_signposts, layout_basic, minmay_pentomino_u2
D:2:      layout_rooms, nicolae_figureground_sparkle, uniq_natasha

Skill      XL: |  1  2  3  4 |
---------------+-------------+-----
Fighting       | 1 2 |  2.3
Earth Magic    | 3 |  3.6
Spellcasting   | 3 |  3.1
Dodging        | |  1.7
Stealth        | |  1.7
Transmutations | |  0.8

Action                   |  1- 3 |  4- 6 || total
-------------------------+-------+-------++-------
Melee: Whip              |    11 |       ||    11
       Touch             |     7 |       ||     7
       Dagger            |    16 |       ||    16
       Hand axe          |    13 |     8 ||    21
 Cast: Sandblast         |    33 |     5 ||    38
  Use: Scroll            |     2 |       ||     2
       Potion            |     1 |       ||     1
Armor: Robe              |     8 |       ||     8
       Ring mail         |     9 |    14 ||    23
Dodge: Dodged            |    49 |    12 ||    61
